 Dungeon Crawl Stone Soup version 0.20.0-15-g7f486f2 (webtiles) character file.

43 tatsu007 the Skirmisher (level 3, 0/29 HPs)
             Began as a Demonspawn Abyssal Knight on June 17, 2017.
             Was a Follower of Lugonu.
             Slain by a jackal (2 damage)
             ... on level 2 of the Dungeon.
             The game lasted 00:04:04 (1105 turns).

tatsu007 the Skirmisher (Demonspawn Abyssal Knight) Turns: 1105, Time: 00:04:06

Health: 0/29       AC:  6    Str: 13    XL:     3   Next: 37%
Magic:  5/5        EV: 10    Int: 13    God:    Lugonu [*.....]
Gold:   55         SH:  0    Dex: 12    Spells: 2/2 levels left

rFire    . . .     SeeInvis .   a - +1 mace
rCold    . . .     Gourm    .   (no shield)
rNeg     . . .     Faith    .   e - +1 ring mail
rPois    .         Spirit   .   (helmet restricted)
rElec    .         Reflect  .   (no cloak)
rCorr    .         Harm     .   (no gloves)
MR       .....                  (no boots)
Stlth    +.........             (no amulet)
Regen    0.1/turn               (no ring)
MPRegen  0.1/turn               (no ring)

@: lethally poisoned (0 -> -1)
A: antennae 1, screaming 1, spiny 1, wild magic 1, evolution 1
a: Depart the Abyss, Renounce Religion


You were on level 2 of the Dungeon.
You worshipped Lugonu.
Lugonu was aware of your devotion.
You were not hungry.

You visited 1 branch of the dungeon, and saw 2 of its levels.
You visited the Abyss 1 time.

You collected 55 gold pieces.

Inventory:

Hand Weapons
 a - a +1 mace (weapon)
Missiles
 d - 7 javelins of returning (quivered)
Armour
 b - a +0 leather armour
 e - a +1 ring mail (worn)
Scrolls
 h - 3 scrolls of identify
Comestibles
 c - 2 bread rations
 f - a chunk of flesh
 g - 2 royal jellies


   Skills:
 + Level 3.5 Fighting
 + Level 2.5 Maces & Flails
 + Level 1.9 Armour
 + Level 1.1 Dodging
 + Level 0.4 Stealth
 + Level 2.7 Invocations


You had 2 spell levels left.
You didn't know any spells.

Dungeon Overview and Level Annotations

Branches:
Dungeon (2/15)

Altars:


Innate Abilities, Weirdness & Mutations

You have a pair of small antennae on your head.
You are partially covered in sharp spines.
You occasionally shout uncontrollably at your foes.
Your spells are a little harder to cast, but a little more powerful.
You evolve.


Message History

You kill the jackal!
Lugonu accepts your kill. The jackal completely misses you.
The adder bites you but does no damage.
You barely miss the adder.
The adder is heavily wounded.
The jackal is struck by your spines. The jackal closely misses you.
The adder is struck by your spines. The adder barely misses you.
The jackal bites you but does no damage.
The adder barely misses you.
You hit the adder.
The adder is severely wounded.
The jackal barely misses you. The adder is struck by your spines.
The adder bites you but does no damage. The jackal barely misses you.
You hit the adder.
You kill the adder!
Lugonu accepts your kill.
You feel sick. The jackal bites you.
* * * LOW HITPOINT WARNING * * *
The jackal bites you.
You die...

.# #.##.#.#
..# .#.. .#
.# ...
.#.##.##.#
#..
#........#
#.##.......[#
#..<.......#
##.........#
#.#.....>..#
#.##†@†....##
## #..h....#
##...####
#...# .....
#.#..# #.#..#
..#.)#


You could see a jackal.

Vanquished Creatures
  An adder (D:2)
  An ooze (D:1)
  5 bats (D:1)
  A giant cockroach (D:1)
  5 goblins
  2 hobgoblins (D:1)
  3 jackals (D:2)
  4 kobolds (D:1)
  A frilled lizard (D:1)
  4 rats (D:1)
27 creatures vanquished.

Notes
Turn   | Place    | Note
-------+----------+-------------------------------------------
     0 | Abyss:1  | tatsu007 the Demonspawn Abyssal Knight began the quest for the Orb.
     0 | Abyss:1  | Reached XP level 1. HP: 18/18 MP: 2/2
    67 | Abyss:1  | Noticed a ynoxinul
    78 | D:1      | Escaped the Abyss
   408 | D:1      | Reached skill level 1 in Dodging
   591 | D:1      | Gained mutation: You are partially covered in sharp spines. [demonic ancestry]
   591 | D:1      | Reached XP level 2. HP: 23/24 MP: 3/3
   631 | D:1      | Reached * piety under Lugonu
   635 | D:1      | Gained mutation: You occasionally shout uncontrollably at your foes. [potion of mutation]
   635 | D:1      | Gained mutation: You evolve. [potion of mutation]
   635 | D:1      | Gained mutation: Your spells are a little harder to cast, but a little more powerful. [potion of mutation]
  1099 | D:2      | Gained mutation: You have a pair of small antennae on your head. [demonic ancestry]
  1099 | D:2      | Reached XP level 3. HP: 11/29 MP: 5/5
  1105 | D:2      | Slain by a jackal

Skill      XL: |  1 |
---------------+----+-----
Dodging        | 1 |  1.1
Maces & Flails | 2 |  2.5
Fighting       | |  3.5
Armour         | |  1.9
Stealth        | |  0.4
Invocations    | |  2.7

Action                   || total
-------------------------++-------
Melee: Mace              ||    61
Invok: Depart the Abyss  ||     1
  Use: Scroll            ||     4
       Potion            ||     2
  Eat: Chunk             ||     1
Armor: Ring mail         ||    57
       Leather armour    ||     6
Dodge: Dodged            ||    76
